 Dungeon Crawl Stone Soup version 0.27.1-4-g1640c2035a (webtiles) character file.

Game seed: 4546712653643809244

7163 horus123 the Thaumaturge (level 10, -18/45 (50) HPs)
             Began as a Deep Elf Conjurer on Oct 31, 2021.
             Was an Elder of Fedhas.
             Killed from afar by Josephine (27 damage)
             ... with a ghostly fireball
             ... on level 10 of the Dungeon.
             The game lasted 00:31:46 (11062 turns).

horus123 the Thaumaturge (Deep Elf Conjurer)       Turns: 11062, Time: 00:31:46

HP:   -18/45 (50)   AC:  6    Str:  5    XL:     10   Next: 86%
MP:   5/27          EV: 17    Int: 28    God:    Fedhas [****..]
Gold: 964           SH:  0    Dex: 14    Spells: 6/32 levels left

rFire    + . .     SeeInvis .   (no weapon)
rCold    + . .     Faith    .   (no shield)
rNeg     . . .     Spirit   .   q - +2 robe {rC+ rF+}
rPois    .         Reflect  .   (no helmet)
rElec    .         Harm     .   (no cloak)
rCorr    +         Rampage  .   h - +0 pair of gloves
Will     +....                  (no boots)
Stlth    ++........             (no amulet)
HPRegen  0.15/turn              c - +4 ring of evasion
MPRegen  0.20/turn              g - ring of the Octopus King {rCorr AC+1 EV+1 Str+1 Int+1 Dex+1}

@: slowed, heavily drained, very slow
A: no striking features
a: Renounce Religion, Wall of Briars, Grow Ballistomycete, Overgrow


You were on level 10 of the Dungeon.
You worshipped Fedhas.
Fedhas was greatly pleased with you.
You visited 1 branch of the dungeon, and saw 10 of its levels.

You collected 1336 gold pieces.
You spent 372 gold pieces at shops.

Inventory:

Missiles
 x - 3 throwing nets
Armour
 a - a +0 robe
 h - a +0 pair of gloves (worn)
 q - a +2 robe of resistance (worn)
Magical Staves
 z - a staff of fire
Jewellery
 c - a +4 ring of evasion (left hand)
 e - a ring of flight
 g - a ring of the Octopus King (right hand) {rCorr AC+1 EV+1 Str+1 Int+1 Dex+1}
   (You bought it in a shop on level 3 of the Dungeon)

   [ring of resist corrosion]

   AC:        It affects your AC (+1).
   EV:        It affects your evasion (+1).
   Str:       It affects your strength (+1).
   Int:       It affects your intelligence (+1).
   Dex:       It affects your dexterity (+1).
   rCorr:     It protects you from acid and corrosion.
 m - a ring of protection from cold
 n - a ring of protection from cold
 o - a +6 ring of strength
 A - an amulet of the acrobat
Wands
 b - a wand of paralysis (20)
 i - a wand of flame (18)
Scrolls
 r - 3 scrolls of teleportation
 u - a scroll of brand weapon
 y - a scroll of magic mapping
 B - 2 scrolls of fear {unknown}
 C - a scroll of immolation {unknown}
 D - a scroll of noise {unknown}
 F - a scroll of identify
 G - a scroll of summoning
Potions
 d - 2 potions of curing
 f - a potion of degeneration
 j - 3 potions of berserk rage
 k - 2 potions of flight {unknown}
 p - 4 potions of haste
 s - 2 potions of cancellation {unknown}
 t - 4 potions of brilliance {unknown}
 v - a potion of lignification {unknown}
 w - 2 potions of might {unknown}
 E - a potion of ambrosia {unknown}


   Skills:
 - Level 2.4 Dodging
 - Level 2.4 Stealth
 + Level 11.8 Spellcasting
 + Level 10.2 Conjurations
 - Level 5.6 Hexes
 - Level 6.5 Translocations
 * Level 9.3 Earth Magic


You had 6 spell levels left.
You knew the following spells:

 Your Spells              Type           Power      Damage    Failure   Level
a - Magic Dart            Conj           100%       1d8       1%          1
b - Searing Ray           Conj           100%       3d7       1%          2
c - Dazzling Flash        Conj/Hex       100%       N/A       1%          3
d - Passage of Golubria   Tloc           N/A        N/A       2%          4
e - Iskenderun's Mystic   Conj/Tloc      59%        2d12      1%          4
f - Fulminant Prism       Conj/Hex       28%        3d14      1%          4
g - Lehudib's Crystal Sp  Conj/Erth      31%        10d8      99%         8

Your spell library contained the following spells:

 Spells                   Type           Power      Damage    Failure   Level
 Mephitic Cloud           Conj/Pois/Air  35%        N/A       2%          3
 Call Imp                 Summ           16%        N/A       4%          2
 Silence                  Hex/Air        16%        N/A       28%         5


Dungeon Overview and Level Annotations

Branches:
Dungeon (10/15)            Temple (0/1) D:7
   Lair: D:8-11         Orc: D:9-12

Altars:
Ashenzari
Fedhas
Hepliaklqana
Sif Muna
Zin

Shops:
D:3 *

Annotations:
D:10 Josephine


Message History

Casting: Searing Ray (safe; 1% risk of failure)
Confirm with . or Enter, or press ? or * to list all spells.
Restarting spell: Searing Ray (safe; 1% risk of failure)
Press: ? - help, Shift-Dir - straight line, f - wraith
Aim: a wraith (heavily damaged, 83% to hit)
The searing ray hits the wraith!
The wraith is severely damaged.
The searing ray hits Josephine!
Josephine is moderately wounded.
The searing ray hits the orc warrior but does no damage.
The orc warrior is heavily wounded. (Press . to maintain the ray.)
The wraith closely misses you.
The searing ray hits the wraith but does no damage.
The wraith is severely damaged.
The searing ray hits Josephine.
Josephine is heavily wounded.
The searing ray hits the orc warrior.
The orc warrior is severely wounded.
Josephine casts a spell at you.
The ghostly flame explodes!
The ghostly fireball engulfs the wraith.
The wraith completely resists.
The ghostly fireball engulfs Josephine.
Josephine completely resists.
The ghostly fireball engulfs you!!
You feel drained.
* * * LOW HITPOINT WARNING * * *
The wraith hits you!
* * * LOW HITPOINT WARNING * * *
The wraith drains your vigour!
You feel yourself slow down.
The orc priest begins to cast a cantrip, but forgets the words!
You feel better.
Josephine points at you and mumbles some strange words.
The ghostly flame explodes!
The ghostly fireball engulfs the wraith.
The wraith completely resists.
The ghostly fireball engulfs Josephine.
Josephine completely resists.
The ghostly fireball engulfs you!!
You feel drained.
Ouch! That really hurt!
You die...
Fedhas appreciates your contribution to the ecosystem.

## #. ##Y#####
#......# #......#
+.....W########.###
#.....Yoo@W@.......
#....oo########..##
#......# #......#
#......# ###...##
##.### #....#
####.).<#


You could see Josephine, a yak, 2 wraiths, an orc warrior, 2 orc priests and an
orc.

Vanquished Creatures
  Harold (D:7)
  A two-headed ogre (D:9)
  Pikel (D:7)
  Joseph (D:7)
  Maggie (D:6)
  Grinder (D:3)
  Prince Ribbit (D:7)
  The ghost of ababa the Ruffian, an amateur TrBe of Trog (D:4)
  A wraith (D:10)
  5 yaks (D:10)
  A steam dragon (D:8)
  2 water moccasins
  2 ice beasts
  A hornet zombie (D:5)
  2 centaurs
  An ogre (D:4)
  2 phantoms (D:5)
  2 lemures (D:7)
  A kobold brigand (D:8)
  2 bullfrogs
  A gnoll sergeant (D:9)
  7 scorpions
  4 killer bees
  8 wights
  A howler monkey (D:6)
  A bullfrog zombie (D:4)
  A centaur zombie (D:9)
  3 bullfrog skeletons
  2 hounds (D:6)
  4 orc priests
  4 jellies
  4 centaur skeletons
  A gnoll shaman (D:6)
  An iguana (D:6)
  9 orc wizards
  A howler monkey zombie (D:8)
  20 gnolls
  4 adders
  2 white imps
  2 ufetubi
  An adder zombie (D:5)
  An adder skeleton (D:4)
  2 worms (D:2)
  21 orcs
  5 endoplasms
  6 giant cockroaches
  7 goblins
  5 hobgoblins
  12 jackals
  8 kobolds
  3 quokkas
  6 ball pythons
  9 bats
  5 frilled lizards
  8 rats
209 creatures vanquished.

Vanquished Creatures (others)
  4 fulminant prisms
4 creatures vanquished.

Grand Total: 213 creatures vanquished

Notes
Turn   | Place    | Note
-------+----------+-------------------------------------------
     0 | D:1      | horus123 the Deep Elf Conjurer began the quest for the Orb.
     0 | D:1      | Reached XP level 1. HP: 10/10 MP: 6/6
   315 | D:1      | Reached XP level 2. HP: 15/15 MP: 5/8
   347 | D:1      | Learned a level 2 spell: Searing Ray
   525 | D:1      | Reached skill level 5 in Conjurations
   559 | D:1      | Reached skill level 1 in Hexes
   751 | D:1      | Reached XP level 3. HP: 19/19 MP: 4/9
   755 | D:1      | Learned a level 3 spell: Dazzling Flash
  1525 | D:2      | Identified a scroll of acquirement
  1526 | D:2      | Acquired 744 gold pieces
  1828 | D:2      | Reached XP level 4. HP: 24/24 MP: 6/11
  1838 | D:2      | Learned a level 4 spell: Passage of Golubria
  2009 | D:2      | Reached skill level 4 in Spellcasting
  2028 | D:2      | Reached XP level 5. HP: 28/28 MP: 0/13
  2151 | D:2      | Found a faded altar of an unknown god.
  2178 | D:2      | Became a worshipper of Fedhas Madash
  2178 | D:2      | Reached * piety under Fedhas
  2538 | D:3      | Found Yfuonoffel's Assorted Antiques.
  2561 | D:3      | Bought a ring of the Octopus King for 120 gold pieces
  2561 | D:3      | Found the ring of the Octopus King {rCorr AC+1 EV+1 Str+1
                  | Int+1 Dex+1}
  2561 | D:3      | Found the ring of the Octopus King {rCorr AC+1 EV+1 Str+1
                  | Int+1 Dex+1}
  2561 | D:3      | Bought a pair of gloves for 108 gold pieces
  2561 | D:3      | Bought a scroll of identify for 48 gold pieces
  2561 | D:3      | Bought a scroll of identify for 48 gold pieces
  2561 | D:3      | Bought a scroll of identify for 48 gold pieces
  2623 | D:3      | Reached skill level 1 in Translocations
  2666 | D:3      | Found a broken altar of Ashenzari.
  2944 | D:3      | Noticed Grinder
  2954 | D:3      | Killed Grinder
  2955 | D:3      | Reached XP level 6. HP: 26/32 MP: 4/14
  3058 | D:3      | Reached skill level 5 in Translocations
  3513 | D:4      | Reached ** piety under Fedhas
  3639 | D:4      | Learned a level 4 spell: Iskenderun's Mystic Blast
  3706 | D:4      | Found a transporter.
  3707 | D:4      | Found a transporter.
  3707 | D:4      | Noticed ababa's ghost (amateur TrBe)
  3746 | D:4      | Reached skill level 5 in Spellcasting
  3746 | D:4      | Reached XP level 7. HP: 36/36 MP: 10/16
  4361 | D:4      | Killed ababa's ghost
  4362 | D:4      | Reached skill level 6 in Spellcasting
  4687 | D:4      | Learned a level 4 spell: Fulminant Prism
  4709 | D:5      | Entered Level 5 of the Dungeon
  4718 | D:5      | Reached XP level 8. HP: 40/41 MP: 10/19
  4968 | D:5      | Reached skill level 7 in Spellcasting
  4970 | D:5      | Reached *** piety under Fedhas
  5757 | D:6      | Found a glowing silver altar of Zin.
  5852 | D:6      | Reached skill level 5 in Hexes
  5934 | D:6      | Reached skill level 8 in Spellcasting
  6426 | D:6      | Reached XP level 9. HP: 45/45 MP: 12/23
  6824 | D:6      | Reached skill level 9 in Spellcasting
  6897 | D:6      | Learned a level 8 spell: Lehudib's Crystal Spear
  6946 | D:6      | Noticed Maggie
  6951 | D:6      | Killed Maggie
  7266 | D:7      | Reached **** piety under Fedhas
  7317 | D:7      | Noticed Pikel
  7323 | D:7      | Killed Pikel
  7586 | D:7      | Noticed Harold
  7599 | D:7      | Killed Harold
  7669 | D:7      | Found a staircase to the Ecumenical Temple.
  7701 | D:7      | Noticed Joseph
  7706 | D:7      | Killed Joseph
  7707 | D:7      | Reached XP level 10. HP: 42/50 MP: 18/25
  7793 | D:7      | Noticed Prince Ribbit
  7799 | D:7      | Killed Prince Ribbit
  8685 | D:8      | Found a shimmering blue altar of Sif Muna.
  8808 | D:8      | Identified the +8 rapier of the Wizarding Blowfly {vorpal,
                  | rF+ Str+3 Int-4 SInv}
  9274 | D:8      | Reached skill level 10 in Spellcasting
  9498 | D:8      | Found a hazy altar of Hepliaklqana.
  9500 | D:8      | Found a faded altar of an unknown god.
  9567 | D:9      | Noticed a two-headed ogre
  9573 | D:9      | Killed a two-headed ogre
 10449 | D:10     | Entered Level 10 of the Dungeon
 10474 | D:9      | Reached skill level 11 in Spellcasting
 11035 | D:10     | Reached skill level 10 in Conjurations
 11053 | D:10     | Noticed Josephine
 11061 | D:10     | HP: 1/48 [wraith[Josephine] (12)]
 11062 | D:10     | Killed from afar by Josephine

Illustrated notes

Levels and vault maps discovered:
D:1:      wander_arrival_desolate, layout_basic, serial_bayou_pond_c
D:2:      layout_loops_corners, shapermc_ecumenical_altar_mp_highgroup,
          item_on_display_a
D:3:      layout_loops_cross, ashenzari_conservatory_becter, serial_shops,
          shop_statue, uniq_grinder
D:4:      layout_loops_ring, gammafunk_ghost_mausoleum
D:5:      layout_cave_pools, minivault_1, minmay_misc_feat_four_crosses
D:6:      layout_loops_cross, zin_academy, uniq_maggie
D:7:      layout_loops_ring, temple_fountains, kennysheep_generic_room_6,
          uniq_joseph, uniq_pikel, uniq_harold, uniq_prince_ribbit1
D:8:      layout_basic, beargit_hepliaklqana_dungeon_heroes,
          mainiacjoe_overflow_paths
D:9:      layout_roguey
D:10:     layout_roguey, grunt_dithmenos_smoke_and_mirrors,
          jmf_multi_god_temple, overflow_temple_1_default, lair_entry_dummy,
          uniq_josephine

Skill      XL: |  1  2  3  4  5  6  7  8  9 10 |
---------------+-------------------------------+-----
Conjurations   | 5 6 7 8 10 | 10.2
Hexes          | 1 2 4 5 |  5.6
Spellcasting   | 4 5 6 8 9 11 | 11.8
Translocations | 4 5 6 |  6.5
Earth Magic    | 8 9 |  9.3
Dodging        | |  2.4
Stealth        | |  2.4

Action                   |  1- 3 |  4- 6 |  7- 9 | 10-12 || total
-------------------------+-------+-------+-------+-------++-------
 Cast: Magic Dart        |    69 |    53 |    90 |    68 ||   280
       Searing Ray       |     5 |    11 |    47 |    37 ||   100
       Dazzling Flash    |     1 |       |       |     3 ||     4
       Fulminant Prism   |       |       |       |     4 ||     4
       Passage of Golubr |       |       |       |     3 ||     3
  Use: Scroll            |     5 |     3 |     7 |       ||    15
       Potion            |       |       |       |     9 ||     9
Armor: Robe              |     4 |       |    11 |    18 ||    33
Dodge: Dodged            |     2 |     3 |    47 |   126 ||   178
